 Dungeon Crawl Stone Soup version 0.31-a0-182-gc5ef74bbde (webtiles) character file.

Game seed: 14139842567332651829

297 qw the Chopper (level 6, -2/38 HPs)
             Began as a Gargoyle Fighter on June 20, 2023.
             Slain by an ogre
             ... wielding a +0 giant club
              (6 damage)
             ... on level 4 of the Dungeon.
             The game lasted 00:01:15 (2314 turns).

qw the Chopper (Gargoyle Fighter)                   Turns: 2314, Time: 00:01:16

Health: -2/38      AC: 17    Str: 21    XL:     6   Next: 35%
Magic:  6/6        EV:  7    Int:  9    God:
Gold:   159        SH:  4    Dex:  9    Spells: 5/5 levels left

rFire   . . .        Y - +1 war axe
rCold   . . .        c - +0 buckler
rNeg    + . .        i - +0 chain mail
rPois   inf          k - +2 helmet
rElec   +            (no cloak)
rCorr   .            f - +0 pair of gloves
SInv    .            (no boots)
Will    .....        (no amulet) Stlth
                     (no ring)
HPRegen 0.26/turn    (no ring)
MPRegen 0.10/turn

%: no passive effects
@: no status effects
A: sickness immunity, AC +4, negative energy resistance 1, electricity
resistance, torment resistance 1, petrification resistance
a: no special abilities


You were on level 4 of the Dungeon.
You visited 1 branch of the dungeon, and saw 4 of its levels.

You collected 159 gold pieces.


Innate Abilities, Weirdness & Mutations

You are immune to sickness and miasma.
Your stone body is resilient. (AC +4)
You are immune to poison.
You resist negative energy. (rN+)
You are resistant to electric shocks. (rElec)
You are resistant to unholy torment.
You are immune to petrification.


   Skills:
 + Level 3.6 Fighting
 - Level 5.8 Axes
 - Level 3.2 Armour
 - Level 3.2 Shields


You had 5 spell levels left.
You didn't know any spells.
Your spell library was empty.

Inventory:

Hand Weapons
 p - a +0 flail
 Y - a +1 war axe (weapon)
Armour
 c - a +0 buckler (worn)
 f - a +0 pair of gloves (worn)
 i - a +0 chain mail (worn)
 k - a +2 helmet (worn)
Scrolls
 l - a scroll of identify
Potions
 a - a potion of resistance
 b - a potion of curing
 d - 2 potions of might
 e - a potion of enlightenment {unknown}
 h - a potion of ambrosia {unknown}
 j - a potion of magic {unknown}
 m - a potion of lignification {unknown}

Dungeon Overview and Level Annotations

Branches:
Dungeon (4/15)
 Temple: D:4-7

Altars:
Cheibriados
Zin

Annotations:
D:3 2 transporters, qw's ghost, amateur GrHu


Message History

The jelly is lightly wounded.
The jelly hits you but does no damage.
You slash the jelly!
You kill the jelly!
You start resting.
HP restored.
You now have 159 gold pieces (gained 16).
You open the door.
Found a snail-covered altar of Cheibriados.
There is an open door here.
There is a snail-covered altar of Cheibriados here.
There is an open door here.
Found a stone staircase leading up.
An ogre comes into view. It is wielding a +0 giant club.
The ogre shouts!
An orc comes into view. It is wielding a +0 whip.
The orc shouts!
An adder comes into view.
The adder hisses angrily.
An orc comes into view.
It is wielding a +0 falchion and wearing a +2 chain mail of poison resistance.
You barely miss the ogre.
The orc shouts!
The ogre hits you with a +0 giant club.
A hobgoblin comes into view.
The hobgoblin shouts!
You slash the ogre!
The ogre is heavily wounded.
You slash the orc!
You kill the orc!
The ogre hits you with a +0 giant club!
You barely miss the ogre.
The ogre is heavily wounded.
You hit the adder. The adder bites you. The ogre hits you with a +0 giant club!
The adder bites you but does no damage.
You slash the ogre!
The ogre is severely wounded.
You hit the adder but do no damage. The adder bites you but does no damage.
The ogre hits you with a +0 giant club.
You die...

.###...#.###.#.##
........##..#.#
##....####..#.#
##....##....#
###.....#..####
........#..#
.##.....# #.....#
#...@.# #..SO.#
#.....# .<....o#
###.....?
#....#.g
#......##
#.....##.


You could see an ogre, an adder, an orc and a hobgoblin.

Vanquished Creatures
  Menkaure (D:4)
  A jelly (D:4)
  2 orc wizards (D:3)
  4 adders
  6 orcs
  4 ball pythons
  5 endoplasms
  2 giant cockroaches (D:1)
  4 goblins
  6 hobgoblins
  3 jackals (D:1)
  2 kobolds (D:3)
  4 quokkas
  8 bats
  A frilled lizard (D:1)
  2 rats
55 creatures vanquished.

Notes
Turn   | Place    | Note
-------+----------+-------------------------------------------
     0 | D:1      | qw the Gargoyle Fighter began the quest for the Orb.
     0 | D:1      | Reached XP level 1. HP: 14/14 MP: 1/1
     0 | D:1      | 0 ||| qw: Version: 0.3-a-9-g12657ce
     0 | D:1      | 0 ||| qw: Game counter: 1349
     0 | D:1      | 0 ||| qw: Always use a shield: true
     0 | D:1      | 0 ||| qw: God list: Okawaru
     0 | D:1      | 0 ||| qw: Allow faded altars: false
     0 | D:1      | 0 ||| qw: Do Orc after D:15 true
     0 | D:1      | 0 ||| qw: Do second Lair branch before Depths: true
     0 | D:1      | 0 ||| qw: Lair rune preference: random
     0 | D:1      | 0 ||| qw: Plans: Normal, Zot:1-4, Slime:5, God:TSO, Crypt,
                  | Tomb, Abyss, Pan, Hells, Win
     0 | D:1      | 0 ||| PLANNING D:1-11
    56 | D:1      | Reached skill level 2 in Axes
   156 | D:1      | Reached XP level 2. HP: 19/19 MP: 2/2
   191 | D:1      | 191 ||| Stepping ~*~*~tactically~*~*~ (stealth).
   383 | D:1      | Found a faded altar of an unknown god.
   418 | D:1      | Reached skill level 3 in Axes
   516 | D:1      | Reached XP level 3. HP: 23/23 MP: 3/3
   870 | D:1      | 870 ||| UPGRADING to +0 chain mail.
   880 | D:1      | 880 ||| DROPPING +0 scale mail.
   881 | D:1      | 881 ||| UPGRADING to +2 helmet.
   886 | D:1      | 886 ||| READING scroll labelled FEKLIM ITYE.
   887 | D:1      | 887 ||| READING 2 scrolls labelled TUSUURHYAQ.
   888 | D:1      | 888 ||| READING scroll labelled KEUXTATHRUE.
   889 | D:1      | 889 ||| READING scroll labelled YSTETS FIDOMP.
   890 | D:1      | 890 ||| DROPPING scroll of blinking.
  1037 | D:2      | Found a glowing silver altar of Zin.
  1517 | D:2      | 1517 ||| UPGRADING to +0 pair of gloves.
  1522 | D:2      | 1522 ||| READING scroll labelled XOISKA TETANOA.
  1523 | D:2      | 1523 ||| READING scroll labelled CEISTE NEWUNK.
  1558 | D:3      | Reached XP level 4. HP: 28/28 MP: 4/4
  1566 | D:3      | Found a transporter.
  1644 | D:3      | Reached skill level 4 in Axes
  1687 | D:3      | Reached XP level 5. HP: 19/32 MP: 5/5
  1802 | D:3      | Noticed qw's ghost (amateur GrHu)
  1968 | D:3      | 1968 ||| DROPPING +0 mace.
  2019 | D:3      | Found a transporter.
  2091 | D:3      | 2091 ||| READING scroll labelled ONYZUI LIMNUYD.
  2092 | D:3      | 2092 ||| READING scroll labelled AMEUBLA JADIO.
  2113 | D:3      | 2113 ||| DRINKING 2 sedimented clear potions.
  2114 | D:3      | 2114 ||| READING 2 scrolls of identify.
  2114 | D:3      | 2114 ||| IDENTIFYING purple potion
  2130 | D:4      | Noticed Menkaure
  2139 | D:4      | HP: 7/32 [Menkaure/nerve-wracking pain (2)]
  2140 | D:4      | Killed Menkaure
  2141 | D:4      | Reached skill level 5 in Axes
  2141 | D:4      | Reached XP level 6. HP: 8/37 MP: 6/6
  2206 | D:4      | 2206 ||| FLEEEEING.
  2207 | D:4      | 2207 ||| FLEEEEING.
  2208 | D:4      | 2208 ||| STAIRDANCE
  2277 | D:4      | Found a snail-covered altar of Cheibriados.
  2313 | D:4      | HP: 4/38 [ogre/+0 giant club (11)]
  2314 | D:4      | Slain by an ogre

Levels and vault maps discovered:
D:1:      evilmike_arrival_rings, layout_loops_ring,
          shapermc_ecumenical_altar_flowoftime
D:2:      layout_basic, basic_altar
D:3:      layout_basic, gammafunk_ghost_abyssal_escape
D:4:      layout_rooms, kennysheep_little_box, minmay_checkerbox, uniq_menkaure

Skill      XL: |  1  2  3  4  5 |
---------------+----------------+-----
Axes           | 2 3 4 5 |  5.8
Fighting       | |  3.6
Armour         | |  3.2
Shields        | |  3.2

Action                     |  1- 3 |  4- 6 || total
---------------------------+-------+-------++-------
  Melee: War axe           |   105 |    66 ||   171
  Throw: Boomerang         |       |     3 ||     3
    Use: Scroll            |     6 |     3 ||     9
         Potion            |       |     1 ||     1
 Armour: Scale mail        |    24 |       ||    24
         Chain mail        |    21 |    61 ||    82
  Dodge: Dodged            |    43 |    19 ||    62
  Block: Buckler           |    24 |    11 ||    35

Table legend:
 A = Non-vault XP
 B = Vault XP
 C = Vault XP percentage of total XP
 D = Non-vault monster count
 E = Vault monster count
 F = Vault count percentage of total count
                 A         B        C        D         E       F
            +---------+---------+-------+---------+---------+-------
      Total |     253 |     172 |  40.5 |      53 |       2 |   3.6
            +---------+---------+-------+---------+---------+-------
        D:1 |      38 |       0 |   0.0 |      21 |       0 |   0.0
        D:2 |      40 |       0 |   0.0 |      10 |       0 |   0.0
        D:3 |     126 |       0 |   0.0 |      18 |       0 |   0.0
        D:4 |      49 |     172 |  77.8 |       4 |       2 |  33.3
            +---------+---------+-------+---------+---------+-------
